 Dungeon Crawl Stone Soup version 0.31-a0-986-g5e6e4ef867 (webtiles) character file.

Game seed: 4035483369090616072

23 avis the Changeling (level 2, 13/13 HPs)
             Began as a Felid Shapeshifter on Nov 21, 2023.
             Got out of the dungeon alive.
             The game lasted 00:03:25 (900 turns).

avis the Changeling (Felid Shapeshifter)             Turns: 900, Time: 00:03:26

Health: 13/13      AC:  1    Str: 10    XL:     2   Next: 75%
Magic:  3/3        EV: 18    Int: 11    God:
Gold:   71         SH:  0    Dex: 15    Spells: 1/1 levels left
                                        Lives:  0   Deaths: 1

rFire   . .          .
                       - Unarmed
rCold   . . .        (shield unavailable)
rNeg    . . .        (body armour unavailable)
rPois   .            (helmet unavailable)
rElec   .            (cloak unavailable)
rCorr   .            (gloves unavailable)
SInv    +            (boots unavailable)
Will    .....        f - amulet of magic regeneration
Stlth   +            (no ring)
HPRegen 0.22/turn    (no ring)
MPRegen 0.48/turn

%: no passive effects
@: beast-form, quick
A: beast (slay +2), very small, claws 1, fangs 3, see invisible, speed 1, shaggy
fur 1, stealthy paws, no weapons or thrown items, no armour, multi-lived
a: Begin Untransformation


You escaped.
You were a hulking beast.
You visited 1 branch of the dungeon, and saw 2 of its levels.

You collected 71 gold pieces.

Inventory:

Jewellery
 f - an amulet of magic regeneration (around neck)
Talismans
 b - a beast talisman
 c - a flux talisman
Scrolls
 d - 2 scrolls of immolation {unknown}
 g - a scroll of enchant weapon {unknown}
 h - a scroll of identify {unknown}
Potions
 a - 2 potions of lignification
 e - a potion of enlightenment {unknown}
 i - a potion of mutation {unknown}


   Skills:
 - Level 2.0 Fighting
 * Level 3.4 Dodging
 - Level 3.0 Unarmed Combat
 - Level 3.5 Shapeshifting


You had one spell level left.
You didn't know any spells.
Your spell library contained the following spells:

 Spells                   Type           Power      Damage    Failure   Level
 Brom's Barrelling Bould  Conj/Erth      0%         2d3       98%         4
 Fireball                 Conj/Fire      0%         3d3       100%        5
 Iskenderun's Battlesphe  Conj           0%         2d6       100%        5
 Conjure Ball Lightning   Conj/Air       0%         3x3d6     100%        6
 Orb of Destruction       Conj           0%         9d5       100%        7


Dungeon Overview and Level Annotations

Branches:
Dungeon (2/15)

Altars:


Innate Abilities, Weirdness & Mutations

You are a hulking beast.
Your limbs bulge with bestial killing power. (Slay +2)
You have sharp claws.
You have razor-sharp teeth.
You have supernaturally acute eyesight. (SInv)
You cover ground quickly. (Speed+)
You are covered in fur. (AC +1)
Your paws help you pounce on unaware monsters.
You are incapable of wielding weapons or throwing items.
You cannot wear armour.
You gain extra lives every three experience levels.


Message History

The worm is lightly wounded.
The worm closely misses you.
You barely miss the worm.
The worm is lightly wounded.
You scratch the worm but do no damage. Your bite misses the worm.
The worm is lightly wounded.
The worm bites you!
Ouch! That really hurt!
* * * LOW HITPOINT WARNING * * *
There is a stone staircase leading up here.
You climb upwards.
There is a stone staircase leading down here.
You start resting.
HP restored.
You climb downwards.
The worm bites you!
Ouch! That really hurt!
There is a stone staircase leading up, spattered with blood here.
You climb upwards.
There is a stone staircase leading down here.
You start resting.
A worm is nearby!
You scratch the worm.
The worm is lightly wounded.
The worm misses you.
You scratch the worm.
The worm is moderately wounded.
You barely miss the worm.
The worm is moderately wounded.
The worm bites you.
You claw the worm!
The worm is severely wounded.
You barely miss the worm. You bite the worm.
The worm is severely wounded.
The worm bites you!
Ouch! That really hurt!
You die...
Your shape twists and changes as you die.
You rejoin the land of the living...
There is a staircase leading out of the dungeon here.
You have escaped!

.......#######....###....##).##
#####..# ####.# #.#####.w# # #..#
#.# #.# #..# #
#.)##########.###.#####..# ###
#........................# ..#
#....####......#####.....# #.#
#...#....####.......#....# #.#
#....##......#....##.....# #.#
#......#..#.h....#...##..####
#.#####.....#.#.#####..####......
....####.##...#..............####
.........###..#...#.#.########
#.#.#######...#...#.#.# #.#.#
#....#.#....# #.#.##
#.)...#..####
#....######.......## ####
#...........#....## #...


There were no monsters in sight!

Vanquished Creatures
  A dart slug (D:1)
  2 ball pythons (D:1)
  A bat (D:1)
  4 endoplasms (D:1)
  A giant cockroach (D:1)
  2 goblins (D:1)
  A hobgoblin (D:1)
  4 kobolds (D:1)
  A quokka (D:1)
  A rat (D:1)
18 creatures vanquished.

Notes
Turn   | Place    | Note
-------+----------+-------------------------------------------
     0 | D:1      | avis the Felid Shapeshifter began the quest for the Orb.
     0 | D:1      | Reached XP level 1. HP: 9/9 MP: 2/2
    66 | D:1      | Reached XP level 2. HP: 12/13 MP: 3/3
   873 | D:1      | Slain by a worm
   900 | D:$      | Got out of the dungeon alive.

Illustrated notes

Levels and vault maps discovered:
D:1:      ebering_trefoil_3fold, layout_loops_ring
D:2:      layout_basic, corexii_corridor_pit

Skill      XL: |  1  2 |
---------------+-------+-----
Fighting       | 2 |  2.0
Dodging        | 3 |  3.4
Unarmed Combat | |  3.0
Shapeshifting  | |  3.5

Action                     || total
---------------------------++-------
  Melee: Unarmed           ||    44
         Bite              ||     4
   Stab: Sleeping          ||     1
 Armour: Skin              ||    11
  Dodge: Dodged            ||    25

Table legend: (Time is in decaauts)
 A = Elapsed time spent in this place.
 B = Non-inter-level travel time spent in this place.
 C = Inter-level travel time spent in this place.
 D = Time resting spent in this place.
 E = Time spent auto-exploring this place.
 F = Levels seen in this place.
 G = Mean time per level.
                   A        B        C        D        E       F      G
               +--------+--------+--------+--------+--------+-----+--------+
         Total |    756 |    711 |     45 |     90 |    446 |   2 |  378.0 |
       Dungeon |    756 |    711 |     45 |     90 |    446 |   2 |  378.0 |
               +--------+--------+--------+--------+--------+-----+--------+

Top non-repeatable levels by time:
     D:1: 743 daAuts
     D:2: 13 daAuts
